 Dungeon Crawl Stone Soup version 0.31-a0-426-g3a05650e59 (webtiles) character file.

Game seed: 1306345583567087429

5138 Pooter the Grappler (level 10, -7/100 HPs)
             Began as a Troll Fighter on July 30, 2023.
             Was a Follower of Okawaru.
             Mangled by a gnoll sergeant
             ... wielding a +0 halberd
              (11 damage)
             ... in a bailey.
             The game lasted 00:47:49 (9618 turns).

Pooter the Grappler (Troll Fighter)                 Turns: 9618, Time: 00:47:50

Health: -7/100     AC:  6    Str: 28    XL:     10   Next: 33%
Magic:  12/12      EV: 14    Int:  4    God:    Okawaru [*.....]
Gold:   512        SH: 14    Dex: 11    Spells: 9/9 levels left

rFire   + . .        a - +1 trident (freeze)
rCold   . . .        d - +0 kite shield
rNeg    . . .        H - +2 robe {rF+}
rPois   .            (helmet restricted)
rElec   .            (no cloak)
rCorr   .            (gloves unavailable)
SInv    .            (boots unavailable)
Will    .....        u - amulet of reflection
Stlth   +            F - +5 ring of evasion
HPRegen 1.16/turn    y - ring of flight
MPRegen 0.13/turn

%: reflection
@: mighty, flying
A: large, unfitting armour, claws 3, regeneration 1, shaggy fur 1, tough skin 1
a: Renounce Religion, Heroism


You were in a bailey.
You worshipped Okawaru.
Okawaru was aware of your devotion.
You visited 2 branches of the dungeon, and saw 10 of its levels.
You also visited: Bailey.

You collected 512 gold pieces.

Inventory:

Hand Weapons
 a - a +1 trident of freezing (weapon)
   (You found it on level 9 of the Dungeon)
 b - a +4 sling
   (You took it off a goblin on level 2 of the Dungeon)
 p - a +2 spear of venom
   (You found it on level 2 of the Dungeon)
 C - a +0 giant spiked club
   (You took it off a two-headed ogre on level 8 of the Dungeon)
 D - a +5 trident
   (You took it off a wight on level 8 of the Dungeon)
Missiles
 f - a curare-tipped dart
 h - 3 silver javelins
 n - 3 poisoned darts
 t - 4 boomerangs (quivered)
 Q - 80 stones
Armour
 d - a +0 kite shield (worn)
 H - a +2 robe of fire resistance (worn)
   (You took it off Psyche on level 8 of the Dungeon)
Magical Staves
 j - a staff of poison
   (You found it on level 2 of the Dungeon)
Jewellery
 u - an amulet of reflection (around neck)
   (You took it off an orc priest on level 4 of the Dungeon)
 y - a ring of flight (right claw)
   (You found it on level 5 of the Dungeon)
 B - an amulet of the acrobat
   (You found it on level 8 of the Dungeon)
 F - a +5 ring of evasion (left claw)
   (You found it on level 8 of the Dungeon)
 N - a ring of positive energy
   (You found it on level 3 of the Dungeon)
Wands
 v - a wand of polymorph (10)
   (You took it off Duvessa on level 5 of the Dungeon)
 x - a wand of roots (12)
   (You found it on level 6 of the Dungeon)
Scrolls
 g - 2 scrolls of amnesia
 i - 2 scrolls of enchant weapon {unknown}
 m - 2 scrolls of enchant armour
 w - a scroll of fog
 z - a scroll of teleportation {unknown}
 A - 3 scrolls of poison {unknown}
 E - a scroll of blinking {unknown}
Potions
 e - 2 potions of heal wounds {unknown}
 k - a potion of lignification {unknown}
 l - 2 potions of brilliance
 o - a potion of cancellation {unknown}
 q - a potion of invisibility {unknown}
 r - a potion of berserk rage {unknown}
 s - 5 potions of curing {@q1}
 G - a potion of ambrosia {unknown}


   Skills:
 + Level 6.3 Fighting
 + Level 4.3 Throwing
 - Level 2.4 Dodging
 - Level 6.0 Shields
 * Level 10.2 Unarmed Combat
 * Level 4.5 Invocations


You had 9 spell levels left.
You didn't know any spells.
Your spell library contained the following spells:

 Spells                   Type           Power      Damage    Failure   Level
 Vhi's Electric Charge    Tloc/Air       0%         N/A       97%         3
 Arcjolt                  Conj/Air       0%         1d10      100%        5
 Maxwell's Capacitive Co  Air            0%         ∞         100%        8


Dungeon Overview and Level Annotations

Branches:
Dungeon (9/15) Zot: 26877  Temple (1/1) D:6 Zot: 5607    Lair (0/5) D:9
 Bailey (1/1) Zot: 5840
    Orc: D:9-12

Altars:
Ashenzari
Dithmenos
Elyvilon
Gozag
Hepliaklqana
Kikubaaqudgha
Makhleb
Nemelex Xobeh
Okawaru
Qazlal
Ru
Sif Muna
Trog
Uskayaw
Wu Jian
Xom
Yredelemnul
Zin
The Shining One

Annotations:
D:3 2 runed translucent doors, GiantSquids's ghost, amateur OpSh


Innate Abilities, Weirdness & Mutations

You are too large for most types of armour.
You have claws for hands.
Your natural rate of healing is unusually fast.
You are covered in fur. (AC +1)
You have tough skin. (AC +1)


Message History

You block the gnoll sergeant's attack.
The gnoll sergeant hits you from afar with a +0 halberd!
* * * LOW HITPOINT WARNING * * *
The gnoll sergeant misses you.
The gnoll hits you from afar with a +0 trident.
* * * LOW HITPOINT WARNING * * *
You impale the gnoll sergeant!! You freeze the gnoll sergeant!
You kill the gnoll sergeant!
Okawaru accepts your kill. You block the gnoll sergeant's attack.
The gnoll bouda misses you. The gnoll sergeant barely misses you.
You block the gnoll's attack. x2
The gnoll bouda barks out a call to the hunt!
The gnolls pick up the pace!
The gnoll bouda misses you. You block the gnoll's attack.
The gnoll sergeant closely misses you.
Things that are here:
a +0 glaive; a +0 plate armour; a gnoll corpse Unknown command.
You puncture the gnoll bouda! You freeze the gnoll bouda!
You kill the gnoll bouda!
Okawaru accepts your kill.
The gnoll hits you from afar with a +0 trident!
* * * LOW HITPOINT WARNING * * *
You block the gnoll sergeant's attack. The gnoll closely misses you.
The gnoll sergeant hits you but does no damage.
You block the gnoll's attack.
You closely miss the gnoll.
You feel like a meek peon again.
The gnoll sergeant hits you from afar with a +0 halberd!
* * * LOW HITPOINT WARNING * * *
The gnoll sergeant barely misses you. The gnoll barely misses you.
You block the gnoll sergeant's attack.
You hit the gnoll but do no damage. You block the gnoll sergeant's attack.
You block the gnoll's attack.
The gnoll sergeant completely misses you.
The gnoll sergeant closely misses you. The gnoll hits you but does no damage.
You block the gnoll's attack.
You hit the gnoll but do no damage. You block the gnoll bouda's attack.
The gnoll sergeant hits you but does no damage.
The gnoll hits you from afar with a +0 trident.
* * * LOW HITPOINT WARNING * * *
You block the gnoll sergeant's attack. You block the gnoll's attack.
You barely miss the gnoll.
The gnoll bouda hits you from afar with a +0 trident.
* * * LOW HITPOINT WARNING * * *
The gnoll sergeant hits you from afar with a +0 halberd.
* * * LOW HITPOINT WARNING * * *
You block the gnoll's attack.
The gnoll sergeant hits you from afar with a +0 halberd!
You die...

♣♣♣♣♣♣♣♣♣♣♣♣♣♣♣♣♣♣♣
♣♣≈≈≈≈≈≈≈≈≈≈≈≈≈≈≈≈≈♣♣
♣≈≈...))..........≈≈♣
♣≈......)..........≈♣
♣≈..#####...#####..≈♣
♣≈.##...#...#...##.≈♣
♣≈##....'...')g..##≈♣
♣≈# ....#...#gg.g.#≈♣
♣≈# . ##g##gg.@8#≈♣
♣≈# #.. ##g...#≈♣ ♣≈#
#... ##...#≈♣ ♣≈#
#.... #...#≈♣ ♣≈#
#..$8 #+###≈♣ ♣≈#
#.... #≈♣ ♣≈# #≈♣ ♣≈#
#≈♣ ♣≈# #≈♣


You could see 2 gnoll sergeants, a gnoll bouda and 4 gnolls.

Vanquished Creatures
  A two-headed ogre (D:8)
  Psyche (D:8)
  Prince Ribbit (D:6)
  A yak (D:6)
  Menkaure (D:5)
  Duvessa (D:5)
  4 water moccasins
  2 ice beasts (D:5)
  A swamp drake (Temple)
  A sky beast (D:9)
  3 black bears
  2 centaurs
  An ogre (D:6)
  A kobold brigand (D:9)
  2 lemures
  A gnoll sergeant (Bailey)
  4 bullfrogs
  A scorpion (Temple)
  Dowan (D:5)
  12 wights (D:8)
  2 howler monkeys (D:6)
  8 hounds
  7 orc priests
  3 gnoll boudas
  2 sleepcaps
  An iguana (D:6)
  8 orc wizards
  16 gnolls
  4 adders
  A white imp (D:7)
  4 ufetubi
  A worm (D:3)
  4 dart slugs
  25 orcs
  8 endoplasms
  4 giant cockroaches
  8 goblins
  8 hobgoblins
  4 jackals (D:4)
  5 quokkas
  3 ball pythons (D:1)
  6 bats
  4 frilled lizards
  12 kobolds
  6 rats
196 creatures vanquished.

Notes
Turn   | Place    | Note
-------+----------+-------------------------------------------
     0 | D:1      | Pooter the Troll Fighter began the quest for the Orb.
     0 | D:1      | Reached XP level 1. HP: 22/22 MP: 0/0
   109 | D:1      | Found a faded altar of an unknown god.
   155 | D:1      | Reached XP level 2. HP: 27/29 MP: 1/1
   528 | D:1      | Reached XP level 3. HP: 36/36 MP: 2/2
   669 | D:1      | Reached skill level 3 in Unarmed Combat
  1905 | D:3      | Reached XP level 4. HP: 44/44 MP: 3/3
  2464 | D:3      | You fall into a shaft and drop 1 floor!
  2471 | D:4      | Found a bloodstained altar of Trog.
  2724 | D:3      | Found a runed translucent door.
  2730 | D:3      | Noticed a bullfrog
  2730 | D:3      | Noticed GiantSquids's ghost (amateur OpSh)
  2819 | D:3      | Found a runed translucent door.
  3563 | D:4      | Reached skill level 4 in Unarmed Combat
  3563 | D:4      | Reached XP level 5. HP: 52/53 MP: 4/4
  3655 | D:4      | Found an ornate altar of the Wu Jian Council.
  3735 | D:4      | Noticed a black bear
  3742 | D:4      | Killed a black bear
  3743 | D:4      | Reached XP level 6. HP: 54/61 MP: 5/5
  4101 | D:5      | Entered Level 5 of the Dungeon
  4134 | D:5      | Noticed Menkaure
  4139 | D:5      | Killed Menkaure
  4140 | D:5      | Reached skill level 5 in Unarmed Combat
  4172 | D:5      | Noticed Dowan
  4184 | D:5      | Killed Dowan
  4194 | D:5      | Noticed Duvessa
  4208 | D:5      | Killed Duvessa
  4209 | D:5      | Reached XP level 7. HP: 18/70 MP: 6/6
  4275 | D:5      | Found an opulent altar of Gozag.
  4351 | D:5      | Noticed Grinder
  4352 | D:5      | Grinder changed into Grinder the lemure
  4352 | D:5      | Noticed Grinder
  4383 | D:4      | Reached skill level 6 in Unarmed Combat
  4428 | D:5      | Killed Grinder the lemure
  4638 | D:5      | Reached XP level 8. HP: 49/79 MP: 7/7
  4644 | D:5      | Reached skill level 5 in Shields
  4644 | D:5      | Reached skill level 7 in Unarmed Combat
  5836 | D:6      | Reached skill level 1 in Throwing
  5842 | D:6      | Noticed Prince Ribbit
  5850 | D:6      | Killed Prince Ribbit
  5851 | D:6      | Reached skill level 5 in Fighting
  5869 | D:6      | Found a burning altar of Makhleb.
  5905 | D:6      | Reached skill level 8 in Unarmed Combat
  5914 | D:6      | Found a broken altar of Ashenzari.
  5994 | D:6      | Found a staircase to the Ecumenical Temple.
  6003 | Temple   | Entered the Ecumenical Temple
  6008 | Temple   | Became a worshipper of Warmaster Okawaru
  6413 | D:6      | Noticed Pikel
  6801 | Temple   | Reached XP level 9. HP: 71/88 MP: 8/8
  6820 | D:6      | Pikel changed into Pikel the yak
  6820 | D:6      | Noticed Pikel
  6933 | D:6      | Killed Pikel the yak
  7044 | D:6      | Reached * piety under Okawaru
  7223 | D:6      | Found a hazy altar of Hepliaklqana.
  7700 | D:7      | Reached skill level 1 in Invocations
  7703 | D:7      | Reached skill level 9 in Unarmed Combat
  7851 | D:7      | Found a hide-covered altar of Uskayaw.
  8163 | D:8      | Noticed a two-headed ogre
  8300 | D:8      | Killed a two-headed ogre
  8471 | D:8      | Reached XP level 10. HP: 98/98 MP: 11/11
  8893 | D:8      | Found a basalt altar of Yredelemnul.
  9090 | D:8      | Noticed Psyche
  9100 | D:8      | Killed Psyche
  9101 | D:8      | Reached skill level 10 in Unarmed Combat
  9416 | D:9      | Found a flagged portal.
  9461 | Bailey   | Entered a bailey
  9618 | Bailey   | HP: 4/100 [gnoll sergeant/+0 halberd (3)]
  9618 | Bailey   | Mangled by a gnoll sergeant

Illustrated notes

Levels and vault maps discovered:
D:1:      minmay_arrival_diagonal_passages, layout_basic,
          ebering_ecumenical_altar_hall
D:2:      layout_loops_corners
D:3:      layout_basic, ebering_ghost_sewer_f, kennysheep_generic_room_5
D:4:      layout_basic, lemuel_round_altar, pdpol_wu_jian_five_deadly_venoms
D:5:      layout_layer_cave, grunt_gozag_statues, st_stairs_10, uniq_menkaure,
          uniq_grinder, uniq_duvessa
D:6:      layout_loops_ring, mainiacjoe_overflow_chevrons,
          mainiacjoe_overflow_catwalk_spiral, temple_pool_b,
          nicolae_twisty_statue_hallways, uniq_pikel, uniq_prince_ribbit1
D:7:      layout_basic, kennysheep_mini_moat, minmay_crossroads
D:8:      layout_basic, mainiacjoe_overflow_brackets, grunt_decor_arrowhead,
          uniq_psyche
D:9:      layout_loops_corners, fedhas_bush_and_centaur_altar,
          mainiacjoe_overflow_small_starburst, lair_entry_dummy, enter_bailey_6
Temple:   minmay_freezing_vapour_temple
Bailey:   bailey_polearm_gnolls_kennysheep, bailey

Skill      XL: |  1  2  3  4  5  6  7  8  9 10 |
---------------+-------------------------------+-----
Shields        | 3 4 5 6 |  6.0
Unarmed Combat | 3 4 5 6 8 9 10 | 10.2
Fighting       | 3 4 5 6 |  6.3
Throwing       | 2 3 4 |  4.3
Invocations    | 3 4 |  4.5
Dodging        | |  2.4

Action                     |  1- 3 |  4- 6 |  7- 9 | 10-12 || total
---------------------------+-------+-------+-------+-------++-------
  Melee: Unarmed           |    75 |    53 |   182 |    70 ||   380
         Trident           |       |       |       |    26 ||    26
   Fire: Sling             |    75 |    51 |   206 |    13 ||   345
  Throw: Javelin           |       |     9 |     5 |       ||    14
         Boomerang         |       |       |       |     4 ||     4
 Invoke: Heroism           |       |       |     4 |     8 ||    12
  Evoke: Wand              |       |       |     6 |     6 ||    12
    Use: Scroll            |       |     5 |     2 |     1 ||     8
         Potion            |       |     1 |       |     1 ||     2
   Stab: Sleeping          |       |     1 |       |       ||     1
 Armour: Robe              |    32 |     4 |    30 |    11 ||    77
         Skin              |       |       |     2 |       ||     2
  Dodge: Dodged            |    35 |    21 |    63 |    72 ||   191
  Block: Kite shield       |    33 |    27 |   139 |   122 ||   321
         Reflection        |       |       |     4 |     3 ||     7

Table legend: (Time is in decaauts)
 A = Elapsed time spent in this place.
 B = Non-inter-level travel time spent in this place.
 C = Inter-level travel time spent in this place.
 D = Time resting spent in this place.
 E = Time spent auto-exploring this place.
 F = Levels seen in this place.
 G = Mean time per level.
                   A        B        C        D        E       F      G
               +--------+--------+--------+--------+--------+-----+--------+
         Total |   9728 |   9493 |    235 |   2125 |   5346 |  11 |  884.4 |
       Dungeon |   9178 |   8943 |    235 |   1763 |   5346 |   9 | 1019.8 |
        Temple |    392 |    392 |      0 |    362 |      0 |   1 |  392.0 |
        Bailey |    157 |    157 |      0 |      0 |      0 |   1 |  157.0 |
               +--------+--------+--------+--------+--------+-----+--------+

Top non-repeatable levels by time:
     D:5: 1725 daAuts
     D:4: 1362 daAuts
     D:6: 1200 daAuts
     D:8: 1137 daAuts
     D:2: 977 daAuts
     D:3: 947 daAuts
     D:1: 929 daAuts
     D:7: 775 daAuts
  Temple: 392 daAuts
  Bailey: 157 daAuts
     D:9: 122 daAuts
